 Dungeon Crawl Stone Soup version 0.29.1-13-g9f3cf754e1 (webtiles) character file.

Game seed: 3322644515870458610

39 sankara the Grave Robber (level 3, -1/26 HPs)
             Began as a Hill Orc Necromancer on Feb 10, 2023.
             Slain by a gnoll
             ... wielding a +0 spear
              (7 damage)
             ... on level 2 of the Dungeon.
             The game lasted 00:03:03 (1130 turns).

sankara the Grave Robber (Hill Orc Necromancer)     Turns: 1130, Time: 00:03:03

Health: -1/26      AC:  2    Str: 22    XL:     3   Next: 47%
Magic:  2/5        EV: 12    Int: 17    God:
Gold:   37         SH:  0    Dex: 11    Spells: 4/5 levels left

rFire   . . .      SeeInvis .   e - +0 dagger
rCold   . . .      Faith    .   (no shield)
rNeg    . . .      Spirit   .   a - +0 robe
rPois   .          Reflect  .   (no helmet)
rElec   .          Harm     .   (no cloak)
rCorr   .          Rampage  .   (no gloves)
Will    .....                   (no boots)
Stlth   ++........              (no amulet)
HPRegen 0.08/turn               f - +6 ring of strength
MPRegen 0.09/turn               g - +6 ring of strength

@: no status effects
A: no striking features
a: no special abilities


You were on level 2 of the Dungeon.
You visited 1 branch of the dungeon, and saw 2 of its levels.

You collected 37 gold pieces.

Inventory:

Hand Weapons
 e - a +0 dagger (weapon)
 h - a +0 hand axe
 i - a +0 sling
Missiles
 d - 2 boomerangs
Armour
 a - a +0 robe (worn)
Jewellery
 f - a +6 ring of strength (left hand)
 g - a +6 ring of strength (right hand)
Scrolls
 c - 2 scrolls of vulnerability {unknown}
 j - a scroll of identify {unknown}
 k - a scroll of teleportation {unknown}
 l - a scroll of fear {unknown}
 m - a scroll of fog {unknown}
Potions
 b - a potion of magic


   Skills:
 + Level 2.0 Dodging
 + Level 2.0 Stealth
 + Level 1.9 Spellcasting
 * Level 4.5 Necromancy


You had 4 spell levels left.
You knew the following spells:

 Your Spells              Type           Power      Damage    Failure   Level
a - Necrotise             Necr           68%        1d7       3%          1

Your spell library contained the following spells:

 Spells                   Type           Power      Damage    Failure   Level
 Vampiric Draining        Necr           17%        2d7       9%          3
 Animate Dead             Necr           17%        N/A       30%         4
 Agony                    Necr           17%        N/A       63%         5


Dungeon Overview and Level Annotations

Branches:
Dungeon (2/15)

Altars:


Message History

Unknown command.
Casting: Necrotise (safe; 3% risk of failure)
Confirm with . or Enter, or press ? or * to list all spells.
Aiming: Necrotise (safe; 3% risk of failure)
Press: ? - help, Shift-Dir - straight line, f/p - gnoll
Aim: a gnoll, wielding a +0 halberd (heavily wounded, chance to affect: 80%)
The gnoll writhes in agony.
The gnoll hits you from afar with a +0 halberd!
Unknown command.
Casting: Necrotise (safe; 3% risk of failure)
Confirm with . or Enter, or press ? or * to list all spells.
Aiming: Necrotise (safe; 3% risk of failure)
Press: ? - help, Shift-Dir - straight line, f/p - gnoll
Aim: a gnoll, wielding a +0 halberd (almost dead, chance to affect: 80%)
The gnoll writhes in agony.
You kill the gnoll!
The dead are walking!
Something hits your gnoll skeleton.
A hobgoblin comes into view.
The gnoll hits your gnoll skeleton with a +0 spear.
Your Dodging skill increases to level 2!
Your Stealth skill increases to level 2!
There is a stone staircase leading up here.
Unknown command.
A giant cockroach comes into view.
A gnoll comes into view. It is wielding a +0 spear.
There is a stone staircase leading up here.
Casting: Necrotise (safe; 3% risk of failure)
Confirm with . or Enter, or press ? or * to list all spells.
You can't see any susceptible monsters within range! (Use Z to cast anyway.)
The gnoll completely misses you.
Your gnoll skeleton hits the gnoll but does no damage.
The gnoll closely misses you.
Your gnoll skeleton hits the gnoll but does no damage.
The gnoll hits you from afar with a +0 spear!
* * * LOW HITPOINT WARNING * * *
Your gnoll skeleton closely misses the gnoll.
Something barely misses your gnoll skeleton.
The gnoll barely misses you.
The gnoll hits you from afar with a +0 spear!
You die...

! .#.. #....# .#..#
# ... ###. #.# ...
#.###..#
#########...#g.##.#
............Zgg....
#########..@#).#.##
##.## .# #.# Bg #.#
.. #.. .. ##. # .#


You could see 3 gnolls and a friendly gnoll skeleton.

Vanquished Creatures
  A gnoll (D:2)
  2 dart slugs (D:1)
  A bat (D:1)
  2 endoplasms (D:1)
  3 giant cockroaches (D:1)
  A goblin (D:1)
  4 hobgoblins (D:1)
  2 kobolds (D:1)
  2 quokkas (D:1)
  A ball python (D:1)
  A frilled lizard (D:1)
  A rat (D:1)
21 creatures vanquished.

Vanquished Creatures (collateral kills)
  A rat (D:1)
1 creature vanquished.

Grand Total: 22 creatures vanquished

Notes
Turn   | Place    | Note
-------+----------+-------------------------------------------
     0 | D:1      | sankara the Hill Orc Necromancer began the quest for the
                  | Orb.
     0 | D:1      | Reached XP level 1. HP: 14/14 MP: 3/3
   197 | D:1      | Reached XP level 2. HP: 20/20 MP: 0/4
   845 | D:1      | Reached XP level 3. HP: 26/26 MP: 2/5
  1130 | D:2      | Slain by a gnoll

Illustrated notes

Levels and vault maps discovered:
D:1:      dpeg_arrival_rooms_with_view, layout_basic
D:2:      layout_loops_cross, ebering_ecumenical_altar_hall,
          chequers_serial_rivers_large_b

Skill      XL: |  1  2  3 |
---------------+----------+-----
Dodging        | 2 |  2.0
Stealth        | 2 |  2.0
Spellcasting   | |  1.9
Necromancy     | |  4.5

Action                   || total
-------------------------++-------
Melee: Dagger            ||    17
       Unarmed           ||     4
 Cast: Necrotise         ||    43
Armor: Robe              ||     4
Dodge: Dodged            ||    24
